 Dungeon Crawl Stone Soup version 0.18.1-8-gdd0e5ea (webtiles) character file.

1490 sugabear the Sneak (level 8, -3/42 HPs)
             Began as a Vine Stalker Gladiator on June 4, 2016.
             Slain by a killer bee (5 damage)
             ... on level 6 of the Dungeon.
             The game lasted 00:08:03 (4911 turns).

sugabear the Sneak (Vine Stalker Gladiator)         Turns: 4911, Time: 00:08:03

Health: -3/42      AC:  5    Str: 19    XL:     8   Next: 80%
Magic:  0/9        EV: 16    Int:  8    God:
Gold:   223        SH:  0    Dex: 16    Spells: 0 memorised, 7 levels left

rFire  . . .     SeeInvis .     y - +1 dagger (venom)
rCold  . . .     Gourm    +     p - +2 animal skin
rNeg   . . .     Faith    .     (no shield)
rPois  .         Spirit   +     c - +0 helmet
rElec  .         Dismiss  .     (no cloak)
rCorr  .         Reflect  .     (no gloves)
SustAt .         Harm     .     (no boots)
MR     ++...                    I - amulet of the gourmand
Stlth  +++++.....               m - ring of stealth
                                H - ring of protection from magic

@: lethally poisoned (-3 -> -4), very resistant to hostile enchantments, quite
stealthy
A: fangs 3, regeneration 2, magic shield, antimagic bite, no device heal 3, rot
immunity
a: no special abilities


You were on level 6 of the Dungeon.
You were full.

You visited 1 branch of the dungeon, and saw 6 of its levels.

You collected 223 gold pieces.

Inventory:

Hand Weapons
 b - a +2 dagger of holy wrath
 y - a +1 dagger of venom (weapon)
Missiles
 d - 3 throwing nets (quivered)
Armour
 c - a +0 helmet (worn)
 p - a +2 animal skin (worn)
Jewellery
 e - an uncursed ring of magical power
 m - a ring of stealth (right hand)
 x - a +2 ring of protection
 z - an uncursed ring of poison resistance
 C - an uncursed amulet of faith
 F - an uncursed ring of magical power
 H - a ring of protection from magic (left hand)
 I - an amulet of the gourmand (around neck)
 J - an uncursed ring of ice {unknown}
Scrolls
 a - 3 scrolls of identify
 h - 3 scrolls of remove curse
 i - a scroll of enchant armour {unknown}
 j - a scroll of magic mapping {unknown}
 l - a scroll of immolation {unknown}
 n - 3 scrolls of teleportation {unknown}
 s - a scroll of amnesia {unknown}
 t - a scroll of random uselessness {unknown}
 u - a scroll of blinking {unknown}
 D - a scroll of noise {unknown}
 E - a scroll of enchant weapon {unknown}
Potions
 k - 2 potions of degeneration {unknown}
 o - 3 potions of mutation
 q - a potion of cancellation {unknown}
 r - 2 potions of curing {unknown}
 w - a potion of flight
 B - a potion of heal wounds {unknown}
 G - a potion of invisibility {unknown}
Comestibles
 f - 4 bread rations
 g - a royal jelly
 v - 2 meat rations
 A - 3 fruits


   Skills:
 + Level 4.0 Fighting
 + Level 2.1 Short Blades
   Level 3.2 Polearms
 + Level 2.0 Throwing
 + Level 0.5 Armour
 + Level 6.1 Dodging
 + Level 7.7 Stealth


You had 7 spell levels left.
You didn't know any spells.

Dungeon Overview and Level Annotations

Branches:
Dungeon (6/15)
 Temple: D:4-7

Altars:
Elyvilon
Nemelex Xobeh
Sif Muna


Innate Abilities, Weirdness & Mutations

You have razor-sharp teeth.
You heal very quickly.
When hurt, damage is shared between your health and your magic reserves.
Your bite disrupts and absorbs the magic of your enemies.
Potions and wands cannot restore your health.
You are immune to rotting.


Message History

Unknown command.
You miss the killer bee. Your bite misses the killer bee.
You feel sick. The killer bee stings you.
* * * LOW HITPOINT WARNING * * *
You closely miss the killer bee. Your bite misses the killer bee.
You feel sick. The killer bee stings you.
* * * LOW HITPOINT WARNING * * *
The killer bee misses you.
Unknown command.
You completely miss the killer bee. You bite the killer bee.
You drain its power.
You feel invigorated.
The killer bee is heavily wounded.
The killer bee stings you!
* * * LOW HITPOINT WARNING * * *
The killer bee closely misses you.
Unknown command.
You miss the killer bee. Your bite misses the killer bee.
The killer bee is heavily wounded.
You feel sick. The killer bee completely misses you. The killer bee stings you!
You die...

(. #. # #. .#
#.###. #....
... #y# #@#
###.# #...#
########'###
#..........#
#..........#
#..........##
#...........#
#...........#


You could see a killer bee.

Vanquished Creatures
  The ghost of ipa the Conjurer, a novice TeAE (D:4)
  2 ogres
  An orc warrior (D:5)
  A phantom (D:4)
  Blork the orc (D:6)
  2 scorpions (D:4)
  4 killer bees (D:6)
  The ghost of lunarharp the Chopper, a weakling MiGl (D:5)
  2 howler monkeys
  A crimson imp (D:5)
  An orc priest (D:5)
  A jelly (D:5)
  A giant frog skeleton (D:5)
  2 orc wizards
  A centaur skeleton (D:5)
  An iguana (D:4)
  A worker ant (D:5)
  Robin (D:2)
  6 adders
  4 oozes
  4 worms
  A dart slug (D:4)
  6 giant geckos
  6 orcs
  6 bats
  2 giant cockroaches
  6 hobgoblins
  2 jackals (D:4)
  9 kobolds
  4 quokkas
  3 giant gecko skeletons
  5 giant newts
  17 goblins
  9 rats
115 creatures vanquished.

Notes
Turn   | Place    | Note
--------------------------------------------------------------
     0 | D:1      | sugabear the Vine Stalker Gladiator began the quest for the Orb.
     0 | D:1      | Reached XP level 1. HP: 11/11 MP: 2/2
    39 | D:1      | Reached XP level 2. HP: 12/15 MP: 3/3
   222 | D:1      | Reached XP level 3. HP: 13/18 MP: 2/4
   703 | D:2      | Reached skill level 1 in Stealth
   848 | D:2      | Noticed Robin
   852 | D:2      | Reached XP level 4. HP: 17/23 MP: 5/5
   976 | D:2      | Killed Robin
   976 | D:2      | Reached skill level 2 in Stealth
  1291 | D:2      | Found a deep blue altar of Sif Muna.
  1488 | D:3      | Reached skill level 3 in Stealth
  1519 | D:3      | Reached XP level 5. HP: 26/26 MP: 6/6
  1567 | D:3      | Found a faded altar to an unknown god.
  1688 | D:3      | Found a white marble altar of Elyvilon.
  2112 | D:4      | Reached skill level 4 in Stealth
  2112 | D:4      | Gained mutation: You heal very quickly. [Vine Stalker growth]
  2112 | D:4      | Reached XP level 6. HP: 30/32 MP: 7/7
  2336 | D:4      | Noticed ipa's ghost (novice TeAE)
  2366 | D:4      | Killed ipa's ghost
  2366 | D:4      | Reached skill level 1 in Short Blades
  2366 | D:4      | Reached skill level 5 in Stealth
  2366 | D:4      | Reached XP level 7. HP: 34/36 MP: 8/8
  3133 | D:4      | Reached skill level 6 in Stealth
  3304 | D:5      | Entered Level 5 of the Dungeon
  3640 | D:5      | Reached skill level 5 in Dodging
  3640 | D:5      | Gained mutation: You have razor-sharp teeth. [Vine Stalker growth]
  3640 | D:5      | Reached XP level 8. HP: 11/41 MP: 3/9
  3770 | D:5      | Noticed lunarharp's ghost (weakling MiGl)
  3826 | D:5      | Killed lunarharp's ghost
  4576 | D:6      | Reached skill level 7 in Stealth
  4705 | D:6      | Found a sparkling altar of Nemelex Xobeh.
  4750 | D:6      | Noticed Blork the orc
  4753 | D:6      | Killed Blork the orc
  4910 | D:6      | HP: 2/42 [killer bee (2)]
  4911 | D:6      | Slain by a killer bee

Skill      XL: |  1  2  3  4  5  6  7  8 |
---------------+-------------------------+-----
Throwing       | 2 |  2.0
Polearms       | 3 |  3.2
Dodging        | 3 4 5 6 |  6.1
Fighting       | 2 3 4 |  4.0
Stealth        | 1 3 4 5 6 7 |  7.7
Short Blades   | 1 2 |  2.1
Armour         | |  0.5

Action                   |  1- 3 |  4- 6 |  7- 9 || total
-------------------------+-------+-------+-------++-------
Melee: Trident           |    66 |    31 |       ||    97
       Bite              |    13 |    47 |    44 ||   104
       Dagger            |       |   118 |   135 ||   253
  Use: Potion            |     3 |       |       ||     3
       Scroll            |       |       |     2 ||     2
 Stab: Sleeping          |     4 |    15 |    11 ||    30
  Eat: Chunk             |       |     5 |    15 ||    20
Armor: Leather armour    |    17 |     3 |       ||    20
       Animal skin       |       |    33 |    19 ||    52
Dodge: Dodged            |    31 |    77 |    83 ||   191
